 Dungeon Crawl Stone Soup version 0.24.0-123-gd5b16e6ec5 (webtiles) character file.

Game seed: 2286065387813062239, levelgen mode: deterministic

78 Delamore the Chopper (level 4, -1/39 HPs)
             Began as a Hill Orc Fighter on Dec 25, 2019.
             Slain by Sigmund
             ... wielding a +0 scythe of slicing
              (6 damage)
             ... on level 3 of the Dungeon.
             The game lasted 00:01:23 (1372 turns).

Delamore the Chopper (Hill Orc Fighter)             Turns: 1372, Time: 00:01:24

Health: -1/39      AC:  9    Str: 19    XL:     4   Next: 36%
Magic:  4/4        EV:  7    Int:  8    God:
Gold:   123        SH:  9    Dex: 10    Spells: 3/3 levels left

rFire    . . .     SeeInvis .   a - +0 war axe
rCold    . . .     Gourm    .   c - +0 shield
rNeg     . . .     Faith    .   b - +0 scale mail
rPois    +         Spirit   .   (no helmet)
rElec    .         Reflect  .   (no cloak)
rCorr    .         Harm     .   (no gloves)
MR       .....                  m - +1 pair of boots
Stlth    ..........             (no amulet)
HPRegen  0.13/turn              i - ring of poison resistance
MPRegen  0.09/turn              (no ring)

@: no status effects
A: no striking features
a: no special abilities


You were on level 3 of the Dungeon.
You were not hungry.

You visited 1 branch of the dungeon, and saw 3 of its levels.

You collected 123 gold pieces.

Inventory:

Hand Weapons
 a - a +0 war axe (weapon)
Missiles
 j - 5 javelins (quivered)
Armour
 b - a +0 scale mail (worn)
 c - a +0 shield (worn)
 m - a +1 pair of boots (worn)
Jewellery
 i - a ring of poison resistance (left hand)
 k - an uncursed ring of wizardry
Scrolls
 e - 2 scrolls of remove curse {unknown}
 h - 2 scrolls of immolation {unknown}
 p - a scroll of enchant armour {unknown}
Potions
 d - a potion of might
 g - 2 potions of curing {unknown}
 l - a potion of degeneration {unknown}
 n - 2 potions of flight {unknown}
 o - a potion of magic {unknown}
 q - a potion of heal wounds {unknown}
 r - a potion of ambrosia {unknown}
Comestibles
 f - 4 rations


   Skills:
 - Level 3.6 Fighting
 + Level 6.0 Axes
 - Level 3.2 Armour
 - Level 3.2 Shields


You had 3 spell levels left.
You didn't know any spells.
Your spell library was empty.

Dungeon Overview and Level Annotations

Branches:
Dungeon (3/15)

Altars:
Fedhas
Sif Muna

Annotations:
D:3 Sigmund


Message History

You closely miss Sigmund.
Sigmund is severely wounded.
You miss the adder. The adder barely misses you.
Sigmund screams, "You will never...
NEVER!!!"
Sigmund casts a spell at you.
The magic dart hits you but does no damage.
You hit Sigmund.
Sigmund is severely wounded.
Your shield and scale mail prevent you from hitting the adder.
The adder bites you but does no damage. Sigmund casts a spell at you.
The magic dart hits you!
* * * LOW HITPOINT WARNING * * *
You block the adder's attack. Sigmund hits you but does no damage.
You closely miss Sigmund.
Sigmund is severely wounded.
You barely miss the adder. You block the adder's attack.
The adder bites you but does no damage.
Sigmund hits you with a +0 scythe of slicing.
You die...

# ## .# .. .. .#####..###
......... .?. ..# ##@##.#
#.@S..# .. #.....# #.
###.....# #. ..#.....# .
#.#.....# # # #.##'##.# ..>
#.##.# !# #######
..#..##.##.##.###.....#####
......†...............)†...


You could see Sigmund and an adder.

Vanquished Creatures
  2 adders (D:2)
  An ooze (D:1)
  A worm (D:2)
  A dart slug (D:3)
  A leopard gecko (D:2)
  A ball python (D:3)
  6 bats
  6 goblins
  13 hobgoblins
  2 quokkas (D:2)
  A frilled lizard (D:3)
  6 kobolds
  3 rats
44 creatures vanquished.

Notes
Turn   | Place    | Note
-------+----------+-------------------------------------------
     0 | D:1      | Delamore the Hill Orc Fighter began the quest for the Orb.
     0 | D:1      | Reached XP level 1. HP: 19/19 MP: 1/1
    41 | D:1      | Reached skill level 3 in Axes
   212 | D:1      | Reached XP level 2. HP: 26/26 MP: 2/2
   249 | D:1      | Reached skill level 4 in Axes
   595 | D:2      | Reached XP level 3. HP: 24/31 MP: 3/3
   640 | D:2      | Found a blossoming altar of Fedhas.
   809 | D:2      | Reached skill level 5 in Axes
  1049 | D:2      | Reached XP level 4. HP: 39/39 MP: 4/4
  1159 | D:2      | Found a shimmering blue altar of Sif Muna.
  1351 | D:3      | Reached skill level 6 in Axes
  1358 | D:3      | Noticed Sigmund
  1372 | D:3      | Slain by Sigmund

Levels and vault maps discovered:
D:1:      dpeg_arrival_arbitrary_b, layout_loops_ring
D:2:      layout_loops_ring, lemuel_blue_sif_altar, lemuel_doored_altar,
          serial_glass, glass_columns_a, glass_columns_a, glass_columns_a,
          glass_columns_b, glass_columns_a, glass_columns_c
D:3:      layout_basic, gammafunk_temple_overflow_forgotten, first_ration,
          uniq_sigmund

Skill      XL: |  1  2  3  4 |
---------------+-------------+-----
Axes           | 3 4 5 6 |  6.0
Fighting       | |  3.6
Armour         | |  3.2
Shields        | |  3.2

Action                   |  1- 3 |  4- 6 || total
-------------------------+-------+-------++-------
Melee: War axe           |   103 |    34 ||   137
  Eat: Chunk             |       |     2 ||     2
Armor: Scale mail        |    56 |    21 ||    77
Dodge: Dodged            |    27 |    11 ||    38
Block: Shield            |    47 |    19 ||    66
